 Dungeon Crawl Stone Soup version 0.23.1-37-gaa34b87b72 (webtiles) character file.

Game seed: 0

77 Jukra the Slasher (level 4, -8/41 HPs)
             Began as a Minotaur Berserker on Mar 2, 2019.
             Was a Believer of Trog.
             Mangled by an ogre
             ... wielding a +0 giant club
              (24 damage)
             ... on level 2 of the Dungeon on Mar 23, 2019.
             The game lasted 00:06:30 (1814 turns).

Jukra the Slasher (Minotaur Berserker)              Turns: 1814, Time: 00:06:30

Health: -8/41      AC:  2    Str: 23    XL:     4   Next: 13%
Magic:  3/3        EV: 12    Int:  4    God:    Trog [**....]
Gold:   36         SH:  0    Dex:  9    Spells: 3/3 levels left

rFire    . . .     SeeInvis .   h - +0 rapier
rCold    . . .     Gourm    .   (no shield)
rNeg     . . .     Faith    .   b - +0 animal skin
rPois    .         Spirit   .   (helmet restricted)
rElec    .         Reflect  .   (no cloak)
rCorr    .         Harm     .   (no gloves)
MR       .....                  (no boots)
Stlth    +.........             (no amulet)
HPRegen  0.13/turn              (no ring)
MPRegen  0.08/turn              (no ring)

@: no status effects
A: retaliatory headbutt, horns 2
a: Berserk, Trog's Hand, Renounce Religion


You were on level 2 of the Dungeon.
You worshipped Trog.
Trog was pleased with you.
You were hungry.

You visited 1 branch of the dungeon, and saw 2 of its levels.

You collected 36 gold pieces.

Inventory:

Hand Weapons
 h - a +0 rapier (weapon)
Missiles
 f - 3 silver javelins (quivered)
Armour
 b - a +0 animal skin (worn)
Scrolls
 d - a scroll of blinking {unknown}
 g - a scroll of identify {unknown}
Potions
 a - a potion of resistance {unknown}
 e - a potion of heal wounds {unknown}
 i - 2 potions of curing {unknown}
 j - a potion of degeneration {unknown}
 k - a potion of lignification {unknown}
Comestibles
 c - 7 rations


   Skills:
 + Level 4.5 Fighting
 + Level 0.1(2.5) Short Blades
   Level 4.5 Long Blades
 + Level 0.8 Throwing
 + Level 2.7 Armour
 + Level 2.9 Dodging


You had 3 spell levels left.
You didn't know any spells.
Your spell library was empty.

Dungeon Overview and Level Annotations

Branches:
Dungeon (2/15)

Altars:
Uskayaw


Innate Abilities, Weirdness & Mutations

You reflexively headbutt those who attack you in melee.
You have a pair of horns on your head.


Message History

Throwing (i - inventory)
f - 4 silver javelins (quivered)
Press: ? - help, Shift-Dir - straight line, f/p - ogre
Aim: an ogre, wielding a +0 giant club You throw a silver javelin.
The silver javelin barely misses the ogre.
The ogre hits you with a +0 giant club!
You barely miss the ogre. Your headbutt misses the ogre.
The ogre barely misses you.
You hit the ogre.
The ogre is lightly wounded.
The ogre hits you with a +0 giant club!
You are too injured to fight recklessly!
You are too injured to fight recklessly!
You hit the ogre.
The ogre is lightly wounded.
You hit the ogre. You headbutt the ogre!
The ogre is severely wounded.
The ogre hits you with a +0 giant club!!
Ouch! That really hurt!
You die...

............#.#......
...###...(..#.#.......
.....###....#.#......
.......###...........
..†......###.......#
...).^.###.........# ####
.....###...........# #...
...###...###...O...##.##...######
.......###.)....@.....#..........
.....###..............#..........
##.###)........#+#...............
#...###.......#.######..........
##.....###.....#.# #.....†....
.........###...#.# #..........
####.........#.#.# ###.....†....
...........>.....# #............
##...........###.# #............


You could see an ogre.

Vanquished Creatures
  2 adders (D:2)
  An ooze (D:1)
  2 worms (D:2)
  2 dart slugs
  A leopard gecko (D:2)
  2 giant cockroaches
  7 goblins
  9 hobgoblins
  7 bats
  6 frilled lizards
  3 kobolds
  2 rats (D:2)
44 creatures vanquished.

Notes
Turn   | Place    | Note
-------+----------+-------------------------------------------
     0 | D:1      | Jukra the Minotaur Berserker began the quest for the Orb.
     0 | D:1      | Reached XP level 1. HP: 19/19 MP: 0/0
    83 | D:1      | Upgraded the game from 0.23.1 to 0.23.1-37-gaa34b87b72
   109 | D:1      | Reached XP level 2. HP: 25/27 MP: 1/1
   827 | D:2      | Reached XP level 3. HP: 33/33 MP: 2/2
   942 | D:2      | Reached ** piety under Trog
  1517 | D:2      | Noticed an ogre
  1596 | D:2      | Found a hide-covered altar of Uskayaw.
  1602 | D:2      | Reached XP level 4. HP: 39/41 MP: 3/3
  1814 | D:2      | Mangled by an ogre

Skill      XL: |  1  2 |
---------------+-------+-----
Long Blades    | 4 |  4.5
Fighting       | 4 |  4.5
Short Blades   | |  0.1
Throwing       | |  0.8
Armour         | |  2.7
Dodging        | |  2.9

Action                   |  1- 3 |  4- 6 || total
-------------------------+-------+-------++-------
Melee: Falchion          |    37 |       ||    37
       Headbutt          |    11 |     2 ||    13
       Rapier            |    27 |    14 ||    41
Throw: Javelin           |    23 |     4 ||    27
Invok: Berserk           |     1 |       ||     1
  Eat: Chunk             |     2 |     1 ||     3
Armor: Animal skin       |    13 |       ||    13
Dodge: Dodged            |    35 |     5 ||    40
       Rpst.: Falchion   |     7 |       ||     7
